 Dungeon Crawl Stone Soup version 0.29.1-12-g30fa7ad0bf (webtiles) character file.

Game seed: 3127868623842535878

10387 Gabide the Grappler (level 11, -5/89 HPs)
             Began as a Mummy Berserker on Dec 25, 2022.
             Was a High Priest of Trog.
             Killed from afar by an electric eel (14 damage)
             ... with a bolt of electricity
             ... on level 11 of the Dungeon.
             The game lasted 00:12:29 (9489 turns).

Gabide the Grappler (Mummy Berserker)               Turns: 9489, Time: 00:12:29

Health: -5/89      AC: 18    Str: 20    XL:     11   Next: 35%
Magic:  11/11      EV: 12    Int: 15    God:    Trog [*****.]
Gold:   585        SH:  5    Dex: 11    Spells: 10/10 levels left

rFire   . . .      SeeInvis .   p - +7 whip of the Spectre {elec, Stlth+}
rCold   . . .      Faith    .   (no shield)
rNeg    + + +      Spirit   .   f - +6 scale mail of Comitt {*Corrode Regen+ Str-5 Int+8}
rPois   ∞          Reflect  +   t - +2 helmet
rElec   .          Harm     .   (no cloak)
rCorr   .          Rampage  .   j - +1 pair of gloves
Will    +....                   x - +0 pair of boots
Stlth   +.........              r - amulet of reflection
HPRegen 1.04/turn               n - ring of fire
MPRegen 0.12/turn               (no ring)

@: no status effects
A: cold resistance 1, negative energy resistance 3, torment resistance 2, heat
vulnerability 1, in touch with death 1, no potions
a: Renounce Religion, Trog's Hand, Brothers in Arms


You were on level 11 of the Dungeon.
You worshipped Trog.
Trog was extremely pleased with you.
You visited 1 branch of the dungeon, and saw 11 of its levels.
You also visited: Ossuary.

You collected 585 gold pieces.

Inventory:

Hand Weapons
 p - the +7 whip of the Spectre (weapon) {elec, Stlth+}
   (You found it on level 5 of the Dungeon)

   It occasionally discharges a powerful burst of electricity upon striking a
   foe.
   Stlth:     It makes you more stealthy.
Missiles
 b - 4 atropa-tipped darts
 c - 50 poisoned darts
 s - 3 boomerangs (quivered)
 A - 4 silver javelins
Armour
 f - the +6 scale mail of Comitt (worn) {*Corrode Regen+ Str-5 Int+8}
   (You found it on level 2 of the Dungeon)

   Str:       It affects your strength (-5).
   Int:       It affects your intelligence (+8).
   Regen:     It increases your rate of health regeneration.
   *Corrode:  It may corrode you when you take damage.
 j - a +1 pair of gloves (worn)
 m - +0 steam dragon scales
 t - a +2 helmet (worn)
 x - a +0 pair of boots (worn)
Jewellery
 k - a ring of ice
 l - a ring of ice
 n - a ring of fire (left hand)
 r - an amulet of reflection (around neck)
 z - a +4 ring of protection
Wands
 i - a wand of paralysis (17)
 u - a wand of quicksilver (8)
 v - a wand of mindburst (19)
 y - a wand of flame (30)
Scrolls
 a - 4 scrolls of teleportation
 d - 2 scrolls of fear
 e - 3 scrolls of immolation
 g - 4 scrolls of blinking
 o - 3 scrolls of identify
 q - 2 scrolls of enchant weapon
 w - a scroll of poison
 B - a scroll of torment
 C - a scroll of magic mapping {unknown}


   Skills:
 + Level 9.6 Fighting
 - Level 1.5 Armour
 + Level 7.8 Dodging
 * Level 11.1 Unarmed Combat


You had 10 spell levels left.
You didn't know any spells.
Your spell library was empty.

Dungeon Overview and Level Annotations

Branches:
Dungeon (11/15)            Temple (0/1) D:4            Lair (0/5) D:11
Ossuary (visited)
    Orc: D:9-12

Altars:
Ashenzari
Fedhas
Kikubaaqudgha
Qazlal
Trog
Uskayaw
Wu Jian
Xom
Yredelemnul

Annotations:
D:10 2 transporters, LaMa's ghost, journeyman MfGl


Innate Abilities, Weirdness & Mutations

You are immune to poison.
Your flesh is cold resistant. (rC+)
You are immune to negative energy. (rN+++)
You are immune to unholy pain and torment.
You are vulnerable to heat. (rF-)
You are in touch with the powers of death.
You do not drink.


Message History

The electric eel shoots out a bolt of lightning at you!
The bolt of electricity hits the electric eel.
The electric eel completely resists.
The bolt of electricity hits the electric eel.
The electric eel completely resists.
The bolt of electricity misses you.
The electric eel shoots out a bolt of lightning at you!
The bolt of electricity misses you.
Found a staircase to the Lair.
The electric eel shoots out a bolt of lightning at you!
The bolt of electricity misses you.
The electric eel shoots out a bolt of lightning at you!
The bolt of electricity misses you.
The electric eel shoots out a bolt of lightning at you!
The bolt of electricity hits you but does no damage.
The electric eel shoots out a bolt of lightning at you!
The bolt of electricity hits the electric eel.
The electric eel completely resists.
The bolt of electricity hits you but does no damage.
The electric eel shoots out a bolt of lightning at you!
The bolt of electricity hits you!
The electric eel shoots out a bolt of lightning at you!
The bolt of electricity hits the electric eel.
The electric eel completely resists.
The bolt of electricity misses you.
The electric eel shoots out a bolt of lightning at you!
The bolt of electricity hits you.
The electric eel shoots out a bolt of lightning at you!
The bolt of electricity hits you!
The electric eel shoots out a bolt of lightning at you!
The bolt of electricity hits the electric eel.
The electric eel completely resists.
The bolt of electricity hits you!
* * * LOW HITPOINT WARNING * * *
The electric eel shoots out a bolt of lightning at you!
The bolt of electricity hits you!
* * * LOW HITPOINT WARNING * * *
You see here a howler monkey corpse.
As you read the scroll of fog, it crumbles to dust.
The scroll dissolves into smoke.
The electric eel shoots out a bolt of lightning at you!
The bolt of electricity hits you!
You die...

#~~~~~~≈~~~≈≈.
#|..≈≈≈≈~~~≈~.
#.~.≈≈≈~~!~.~~
#..~SSS.~~....
#......S.≈.~..
#.~....~.~....
#.#....§§.......
#...§§§§)##.....
######@§## #### #§##
#§# #)# ###.###
####.....#
#...†....#
###########.##.#.###
............##.#.#


You could see 3 electric eels.

Vanquished Creatures
  3 two-headed ogres
  Pikel (D:9)
  A gargoyle (D:11)
  An unseen horror (D:9)
  A komodo dragon (D:11)
  Grinder (D:4)
  A hornet (D:8)
  A shadow (D:9)
  A wyvern (D:9)
  5 yaks (D:8)
  6 vampire mosquitoes
  A steam dragon (D:8)
  2 ice beasts
  A black bear (D:8)
  A sky beast (D:6)
  An ogre (D:5)
  A centaur (D:10)
  4 wolves (D:11)
  A lemure (D:9)
  2 phantoms
  2 bullfrogs
  5 kobold brigands
  4 scorpions
  13 wights
  15 killer bees
  3 howler monkeys
  2 centaur zombies (Ossuary)
  5 hounds
  A human zombie (Ossuary)
  A jelly (D:5)
  3 orc priests
  A gnoll bouda (D:3)
  2 iguanas
  8 orc wizards
  3 mummies (Ossuary)
  8 gnolls
  7 adders
  A shadow imp (D:6)
  An ufetubus (D:7)
  2 worms (D:2)
  A dart slug (D:2)
  22 orcs
  4 ball pythons
  3 bats
  13 endoplasms
  3 giant cockroaches
  A gnoll zombie (Ossuary)
  9 goblins
  3 hobgoblins
  37 kobolds
  6 quokkas
  A frilled lizard (D:2)
  A goblin zombie (Ossuary)
  2 hobgoblin zombies (Ossuary)
  An orc zombie (Ossuary)
  9 rats
239 creatures vanquished.

Vanquished Creatures (collateral kills)
  A two-headed ogre (D:9)
  Joseph (D:9)
  A centaur (D:9)
3 creatures vanquished.

Vanquished Creatures (others)
  A fungus (D:1)
1 creature vanquished.

Grand Total: 243 creatures vanquished

Notes
Turn   | Place    | Note
-------+----------+-------------------------------------------
     0 | D:1      | Gabide the Mummy Berserker began the quest for the Orb.
     0 | D:1      | Reached XP level 1. HP: 18/18 MP: 1/1
   198 | D:1      | Reached XP level 2. HP: 24/24 MP: 2/2
   523 | D:1      | Found a faded altar of an unknown god.
   645 | D:1      | Reached skill level 3 in Unarmed Combat
   898 | D:1      | Gained mutation: You are in touch with the powers of death.
                  | [Mummy growth]
   898 | D:1      | Reached XP level 3. HP: 29/29 MP: 3/3
  1034 | D:2      | Identified the +6 scale mail of Comitt {*Corrode Regen+
                  | Str-5 Int+8}
  1183 | D:2      | Reached ** piety under Trog
  1317 | D:2      | Reached XP level 4. HP: 35/35 MP: 4/4
  1530 | D:3      | Found a shimmering altar of Xom.
  1532 | D:3      | Found a shimmering altar of Xom.
  1534 | D:3      | Found a shimmering altar of Xom.
  1645 | D:3      | Noticed a kobold brigand
  1676 | D:3      | Killed a kobold brigand
  1677 | D:3      | Reached XP level 5. HP: 25/42 MP: 5/5
  1893 | D:3      | Found an ancient bone altar of Kikubaaqudgha.
  2434 | D:3      | Reached skill level 4 in Unarmed Combat
  2591 | D:4      | Reached XP level 6. HP: 47/48 MP: 6/6
  2798 | D:4      | Noticed Grinder
  2817 | D:4      | Paralysed by Grinder for 4 turns
  2830 | D:4      | Paralysed by Grinder for 4 turns
  2845 | D:4      | Paralysed by Grinder for 4 turns
  2862 | D:4      | Killed Grinder
  2862 | D:4      | Reached *** piety under Trog
  2910 | D:4      | Reached skill level 5 in Unarmed Combat
  3053 | D:4      | Reached XP level 7. HP: 48/55 MP: 7/7
  3459 | D:4      | Found a staircase to the Ecumenical Temple.
  3471 | D:5      | Entered Level 5 of the Dungeon
  3495 | D:5      | Reached skill level 5 in Fighting
  3498 | D:5      | Found a sand-covered staircase.
  3506 | Ossuary  | Entered an ossuary
  3840 | D:5      | Reached skill level 6 in Unarmed Combat
  3840 | D:5      | Reached XP level 8. HP: 63/63 MP: 8/8
  3952 | D:5      | Identified the +7 whip of the Spectre {elec, Stlth+}
  4830 | D:6      | Found an ornate altar of the Wu Jian Council.
  4831 | D:6      | Found a blossoming altar of Fedhas.
  4834 | D:6      | Found a broken altar of Ashenzari.
  5119 | D:6      | Reached **** piety under Trog
  5161 | D:6      | Reached skill level 7 in Unarmed Combat
  5552 | D:7      | Reached skill level 5 in Dodging
  5570 | D:7      | Reached XP level 9. HP: 69/71 MP: 9/9
  6257 | D:8      | Found a basalt altar of Yredelemnul.
  6312 | D:8      | You fall into a shaft and drop 2 floors!
  6312 | D:10     | Entered Level 10 of the Dungeon
  6378 | D:10     | Reached skill level 8 in Unarmed Combat
  6442 | D:10     | Noticed a two-headed ogre
  6442 | D:10     | Noticed a troll
  6445 | D:10     | Noticed LaMa's ghost (journeyman MfGl)
  6446 | D:10     | Noticed a kobold demonologist
  6455 | D:10     | Found a transporter.
  6457 | D:10     | Noticed a two-headed ogre
  6565 | D:9      | Reached ***** piety under Trog
  6607 | D:9      | Noticed Joseph
  6608 | D:9      | Noticed a two-headed ogre
  6615 | D:9      | Killed Joseph
  6616 | D:9      | Killed a two-headed ogre
  6617 | D:9      | Reached skill level 9 in Unarmed Combat
  6617 | D:9      | Reached XP level 10. HP: 41/80 MP: 10/10
  6883 | D:9      | Noticed Pikel
  6908 | D:9      | Killed Pikel
  7002 | D:9      | Noticed a two-headed ogre
  7017 | D:9      | Killed a two-headed ogre
  7209 | D:8      | Found a bloodstained altar of Trog.
  7486 | D:8      | Reached skill level 10 in Unarmed Combat
  7854 | D:9      | Found a hide-covered altar of Uskayaw.
  7905 | D:9      | Found a stormy altar of Qazlal.
  8232 | D:10     | Noticed a two-headed ogre
  8312 | D:9      | Killed a two-headed ogre
  8313 | D:9      | Reached XP level 11. HP: 53/89 MP: 11/11
  8379 | D:10     | Found a transporter.
  9348 | D:11     | Noticed a two-headed ogre
  9376 | D:11     | Killed a two-headed ogre
  9377 | D:11     | Reached skill level 11 in Unarmed Combat
  9484 | D:11     | Found a staircase to the Lair.
  9489 | D:11     | Killed from afar by an electric eel

Illustrated notes

Levels and vault maps discovered:
D:1:      co_arrival_square_in_a_square_in_a_square, layout_rooms,
          shapermc_ecumenical_altar_mp_ritualfount, hangedman_decor_points
D:2:      layout_rooms, minmay_misc_feat_x, dk_noncrumbling_4, minmay_domino_2
D:3:      cheibrodos_thug_alley, layout_loops_ring, xom_redecorated,
          nicolae_kikubaaqudgha_miasma_corner
D:4:      layout_loops_ring, temple_statues, chequers_arboretum,
          nicolae_figureground_sparkle, uniq_grinder
D:5:      layout_basic, nicolae_ossuary_entry_plus
D:6:      layout_loops_ring, gammafunk_temple_overflow_forgotten,
          serial_co_window_serial, co_window_cross_1, co_window_paths_b,
          co_window_paths_a, co_window_of_opportunity_a, co_window_paths_b,
          co_window_of_opportunity_a, co_window_corner_b, co_window_broadway_a,
          co_window_of_opportunity_b, co_window_paths_c, co_window_corner_b,
          co_window_4corner_a
D:7:      layout_basic
D:8:      layout_basic, grunt_temple_overflow_open
D:9:      layout_basic, mainiacjoe_overflow_boulevard,
          nicolae_overflow_crystal_walls, uniq_pikel, uniq_joseph
D:10:     layout_grid_maze, nzn_ghost_randoct, grunt_ministairs_3,
          hangedman_abyss_or_decor_jellyfish_corner
D:11:     layout_loops_ring, erik_lair_island, nicolae_ru_path_of_blood

Skill      XL: |  1  2  3  4  5  6  7  8  9 10 11 |
---------------+----------------------------------+-----
Unarmed Combat | 3 4 5 6 7 9 10 11 | 11.1
Dodging        | 2 3 4 5 6 7 |  7.8
Fighting       | 4 5 6 7 9 |  9.6
Armour         | |  1.5

Action                   |  1- 3 |  4- 6 |  7- 9 | 10-12 || total
-------------------------+-------+-------+-------+-------++-------
Melee: Unarmed           |   135 |   291 |   182 |       ||   608
       Punch             |     1 |     9 |     8 |    28 ||    46
       Whip              |       |       |   229 |   332 ||   561
Throw: Dart              |     5 |     3 |     6 |     1 ||    15
       Boomerang         |       |       |     4 |     3 ||     7
Invok: Trog's Hand       |       |     2 |     3 |     5 ||    10
       Brothers in Arms  |       |       |     1 |       ||     1
Evoke: Wand              |       |       |       |     2 ||     2
  Use: Scroll            |       |     3 |     8 |    10 ||    21
 Stab: Sleeping          |     1 |       |       |       ||     1
Armor: Animal skin       |     9 |       |       |       ||     9
       Scale mail        |    38 |   149 |   258 |   214 ||   659
Dodge: Dodged            |    88 |   158 |   201 |   227 ||   674
Block: Other             |       |       |    46 |   104 ||   150
       Reflection        |       |       |     2 |       ||     2
